[Event "Team 45 45 League T35"]
[Site "Internet Chess Club"]
[Date "2007.11.24"]
[Round "6"]
[White "ETwoEFour"]
[Black "Klampin"]
[Result "1-0"]
[WhiteElo "2157"]
[BlackElo "1901"]
[Opening "Caro-Kann: classical, Spassky variation"]
[ECO "B19"]
[Time "09:01:52"]
[TimeControl "2700+45"]

1. e4 c6 2. d4 d5 3. Nc3 dxe4 4. Nxe4 Bf5 5. Ng3 Bg6 6. h4 h6 7. Nf3 Nd7 8. h5
Bh7 9. Bf4 Ngf6 10. Bc4 e6 11. O-O Be7 12. Bd3 Bxd3 13. Qxd3 Nd5 14. Be5 Nb4 15.
Qe4 Nxe5 16. dxe5 Qd5 17. Qe2 Qc5 18. a3 Nd5 19. b4 Qc3 20. Ne4 Qb2 21. Qd2 Bg5
22. Qd3 Nf4 23. Qc4 O-O 24. Rfb1 b5 25. Qc5 Be7 26. Rxb2 Bxc5 27. Nxc5 Nxh5 28.
a4 bxa4 29. Nd4 Rfc8 30. Rxa4 Nf4 31. Ra6 Rd8 32. Nxc6 Rd1+ 33. Kh2 Rc8 34. Ne7+
{Black resigns} 1-0

[Event "Team 45 45 League T35"]
[Site "Internet Chess Club"]
[Date "2007.11.23"]
[Round "6"]
[White "Vitruvian"]
[Black "matein7"]
[Result "0-1"]
[WhiteElo "1810"]
[BlackElo "1985"]
[Opening "Caro-Kann: Panov-Botvinnik attack"]
[ECO "B13"]
[Time "11:19:05"]
[TimeControl "2700+45"]

1. e4 d5 2. exd5 Nf6 3. c4 c6 4. d4 cxd5 5. Nc3 Nc6 6. Nf3 Bg4 7. Be3 e6 8. Bd3
Be7 9. O-O O-O 10. Re1 Bxf3 11. gxf3 Nb4 12. Be2 dxc4 13. Bxc4 Rc8 14. Bb3 Nfd5
15. Nxd5 Nxd5 16. Qd3 Bg5 17. Kh1 Nf4 18. Qe4 Qf6 19. Bxf4 Bxf4 20. Rg1 Rfd8 21.
Rad1 Rc6 22. Rg4 e5 23. d5 Rcd6 24. Bc2 g6 25. Bb3 Qg7 26. Qc4 Qh6 27. Rg2 Qh3
28. Qe4 g5 29. Bc2 Rh6 30. Qf5 Qxf3 31. Kg1 Rf6 32. Qxh7+ Kf8 33. Qe4 Qh3 34.
Qb4+ Kg7 35. Be4 Rh8 36. Qc3 Bxh2+ 37. Kf1 Qh5 38. Qd3 Bf4 39. Rg1 Be3 40. Bf5
Rxf5 41. d6 Rxf2+ 42. Ke1 Qf3 43. d7 Rh1 {White resigns} 0-1

[Event "Team 45 45 League T35"]
[Site "Internet Chess Club"]
[Date "2007.11.25"]
[Round "6"]
[White "Ghashgork"]
[Black "superbeast"]
[Result "0-1"]
[WhiteElo "1645"]
[BlackElo "1693"]
[Opening "Sicilian: Grand Prix attack"]
[ECO "B21"]
[Time "13:57:09"]
[TimeControl "2700+45"]

1. f4 c5 2. e4 d5 3. exd5 Nf6 4. Bb5+ Bd7 5. Bxd7+ Qxd7 6. c4 e6 7. Qe2 Bd6 8.
f5 O-O 9. fxe6 fxe6 10. dxe6 Qc8 11. Nf3 Re8 12. O-O Rxe6 13. Qf2 Ng4 14. Qh4
Rh6 15. Qg5 Nc6 16. d4 Nf6 17. dxc5 Rh5 18. Qd2 Bxc5+ 19. Kh1 Ne4 20. Qf4 Nf2+
21. Rxf2 Bxf2 22. Nc3 Qd7 23. Nd5 Rf8 24. Qe4 Bg3 25. Be3 Re8 26. Qd3 Qg4 27.
Bg1 Kh8 28. b3 b6 29. Rd1 Ne5 30. Nxe5 Bxe5 31. h3 Qg3 32. Qxg3 Bxg3 33. Bh2
Bxh2 34. Kxh2 Rhe5 35. Nc7 Rf8 36. Rd2 g6 37. Nb5 Rf7 38. g4 a6 39. Nc3 b5 40.
cxb5 axb5 41. a4 bxa4 42. bxa4 Re3 43. Nb5 Rff3 44. Kg2 Rxh3 45. Rd4 Reg3+ 46.
Kf2 Rd3 47. Rxd3 Rxd3 48. Ke2 Rg3 49. a5 Rxg4 50. a6 Ra4 51. a7 h5 {White
resigns} 0-1

[Event "Team 45 45 League T35"]
[Site "Internet Chess Club"]
[Date "2007.11.20"]
[Round "6"]
[White "hondocando"]
[Black "joshtournman"]
[Result "1/2-1/2"]
[WhiteElo "1619"]
[BlackElo "1506"]
[Opening "Hungarian defense"]
[ECO "C50"]
[Time "23:46:20"]
[TimeControl "2700+45"]

1. e4 e5 2. Nf3 Nc6 3. Bc4 Be7 4. O-O Nf6 5. Nc3 O-O 6. a3 d6 7. Nd5 Nxd5 8.
Bxd5 Be6 9. Bxe6 fxe6 10. d3 Nd4 11. Nxd4 exd4 12. Qg4 Rf6 13. f4 Rg6 14. Qh3
Qd7 15. f5 Rf6 16. Bg5 Rf7 17. fxe6 Rxf1+ 18. Rxf1 Qd8 19. Bf4 Bg5 20. Qf5 Bxf4
21. Rxf4 Qe7 22. Qf7+ Qxf7 23. Rxf7 Rc8 24. Kf2 Rf8 25. Rxf8+ Kxf8 26. Kf3 Ke7
27. Kf4 Kxe6 28. g4 h6 29. h4 g6 30. g5 h5 31. c3 dxc3 32. bxc3 c5 33. Ke3 b5
34. d4 c4 35. Kf4 d5 36. Ke3 a5 37. e5 Kf5 38. Kd2 Ke6 39. Kc1 Kf5 40. Kb2 a4
41. Kc2 Ke6 42. Kd2 Kf5 43. Ke3 Ke6 44. Kf3 Kf5 45. Kf2 Ke6 46. Ke2 Kf5 47. Kd2
Ke6 {Game drawn by mutual agreement} 1/2-1/2

[Event "Team 45 45 League T35"]
[Site "Internet Chess Club"]
[Date "2007.11.26"]
[Round "6"]
[White "mitus"]
[Black "andreip"]
[Result "0-1"]
[WhiteElo "1844"]
[BlackElo "2100"]
[Opening "Sicilian: Hungarian variation"]
[ECO "B27"]
[Time "14:06:31"]
[TimeControl "2700+45"]

1. e4 c5 2. Nf3 g6 3. c3 Nc6 4. d4 cxd4 5. Nxd4 Nf6 6. Nxc6 bxc6 7. Bd3 Bg7 8.
Bf4 Qb6 9. Qc2 Ba6 10. Bxa6 Qxa6 11. Nd2 O-O 12. Be5 d6 13. Bxf6 exf6 14. Nb3
Rfe8 15. f3 f5 16. Qe2 Qxe2+ 17. Kxe2 fxe4 18. fxe4 Rxe4+ 19. Kf2 f5 20. Rad1
Rf4+ 21. Kg3 Ra4 22. Nc1 Rb8 23. b3 Re4 24. Kf3 d5 25. Ne2 Rbe8 {White resigns}
0-1

[Event "Team 45 45 League T35"]
[Site "Internet Chess Club"]
[Date "2007.11.23"]
[Round "6"]
[White "gezira"]
[Black "SRS"]
[Result "1-0"]
[WhiteElo "1974"]
[BlackElo "1786"]
[Opening "Sicilian: dragon, Yugoslav attack, Rauser variation"]
[ECO "B76"]
[Time "15:05:44"]
[TimeControl "2700+45"]

1. e4 c5 2. Nf3 d6 3. d4 cxd4 4. Nxd4 Nf6 5. Nc3 g6 6. Be3 Bg7 7. f3 Nc6 8. Qd2
O-O 9. O-O-O d5 10. exd5 Nxd5 11. Nxc6 bxc6 12. Nxd5 cxd5 13. Qxd5 Qc7 14. Qc5
Qb7 15. Qa3 Rb8 16. b3 Bf5 17. Bd3 Be6 18. Kb1 Qc7 19. Qc5 Qb7 20. Qxa7 Qb4 21.
Qc5 Qa4 22. Be4 Rfc8 23. Qxc8+ {Black resigns} 1-0

[Event "Team 45 45 League T35"]
[Site "Internet Chess Club"]
[Date "2007.11.24"]
[Round "6"]
[White "clarnibass"]
[Black "Victorianum"]
[Result "1-0"]
[WhiteElo "1777"]
[BlackElo "1632"]
[Opening "Sicilian: Grand Prix attack"]
[ECO "B23"]
[Time "05:05:12"]
[TimeControl "2700+45"]

1. e4 c5 2. Nc3 Nc6 3. f4 e6 4. Nf3 d5 5. Bb5 Nf6 6. Qe2 Be7 7. Bxc6+ bxc6 8. d3
O-O 9. O-O Nd7 10. b3 d4 11. Na4 f6 12. Bd2 e5 13. Kh1 Ba6 14. f5 Rf7 15. g4 Bb5
16. Nb2 g6 17. fxg6 hxg6 18. Nh4 Kg7 19. Nf3 Qh8 20. g5 f5 21. exf5 Rxf5 22. a4
Ba6 23. Qe4 Rc8 24. Nh4 Rxf1+ 25. Rxf1 Qh5 26. Rf2 Bxg5 27. Bxg5 Qxg5 28. Rg2
Qf4 29. Qxg6+ Kf8 30. Qh7 Ke8 31. Rg8+ Nf8 32. Qg6+ Qf7 33. Kg2 Qxg6+ 34. Nxg6
Kf7 35. Rxf8+ Rxf8 36. Nxf8 Kxf8 37. Kf3 Ke7 38. Ke4 Bc8 39. Kxe5 Bg4 40. h4 Bf3
41. a5 Be2 42. Na4 Bd1 43. Nxc5 Bxc2 44. h5 Kf7 45. Kd6 Bd1 46. h6 Kg6 47. Kxc6
Kxh6 48. Kb7 Kg6 49. Kxa7 Kf5 50. a6 Ke5 51. Kb6 Bf3 52. a7 {Black resigns} 1-0

[Event "Team 45 45 League T35"]
[Site "Internet Chess Club"]
[Date "2007.11.26"]
[Round "6"]
[White "gugamircea"]
[Black "Fysh"]
[Result "1-0"]
[WhiteElo "1693"]
[BlackElo "1835"]
[Opening "French: advance, Paulsen attack"]
[ECO "C02"]
[Time "12:02:17"]
[TimeControl "2700+45"]

1. e4 e6 2. d4 d5 3. e5 c5 4. Nf3 Nc6 5. c3 cxd4 6. cxd4 Nge7 7. Nc3 Nf5 8. Be3
Be7 9. Bd3 O-O 10. O-O b6 11. Rc1 Nxe3 12. fxe3 Nb4 13. Bb1 Ba6 14. Rf2 Bc4 15.
b3 Ba6 16. a3 Nc6 17. b4 Bc4 18. Nd2 b5 19. Qc2 g6 20. Nxc4 bxc4 21. Rcf1 f5 22.
exf6 Rxf6 23. b5 Na5 24. Rxf6 Bxf6 25. Qf2 Kg7 26. Ne2 Qe7 27. Qg3 e5 28. Nc3
Rd8 29. e4 dxe4 30. Nxe4 Rf8 31. Nxf6 Rxf6 32. Re1 Nb3 33. dxe5 Re6 34. a4 Nd2
35. Bc2 Qc5+ 36. Kh1 c3 37. h4 Qd4 38. h5 Nc4 39. hxg6 hxg6 40. Bf5 Rxe5 41.
Qxg6+ Kf8 42. Rf1 Ne3 43. Qf6+ Ke8 44. Bg6+ Kd7 45. Qc6+ Kd8 46. Rf8+ Re8 47.
Rxe8# {Black checkmated} 1-0

[Event "Team 45 45 League T35"]
[Site "Internet Chess Club"]
[Date "2007.11.27"]
[Round "6"]
[White "VentasD"]
[Black "Karpyan"]
[Result "1-0"]
[WhiteElo "2217"]
[BlackElo "1824"]
[Opening "Neo-Grünfeld defense"]
[ECO "D70"]
[Time "14:36:03"]
[TimeControl "2700+45"]

1. d4 Nf6 2. Nf3 g6 3. c4 d5 4. cxd5 Bg7 5. Qa4+ Nbd7 6. Nc3 O-O 7. e4 Nb6 8.
Qc2 Bg4 9. Be3 Bxf3 10. gxf3 a5 11. a4 c6 12. dxc6 bxc6 13. Be2 Qc7 14. Rd1 Rfc8
15. O-O Nh5 16. e5 Nd5 17. Nxd5 cxd5 18. Qxc7 Rxc7 19. Rc1 Rb7 20. Bb5 e6 21.
Bc6 Rbb8 22. Bxa8 Rxa8 23. Rc5 Bf8 24. Rb5 Bb4 25. Rc1 Ng7 26. Rb7 Nf5 27. Rbc7
Kg7 28. Rc8 Ra7 29. R1c7 Rxc7 30. Rxc7 Nh4 31. f4 Nf3+ 32. Kg2 Nh4+ 33. Kg3 Nf5+
34. Kf3 h5 35. Rb7 Kf8 36. Rxb4 axb4 37. a5 Ne7 38. Bd2 Nc6 39. Ke3 Ke8 40. a6
b3 41. Bb4 Kd7 42. Bc5 Kc8 43. Kd3 Na5 44. Kc3 Kc7 45. Kb4 Nc4 46. Kxb3 Nd2+ 47.
Ka4 Kb8 48. b4 Nf3 49. b5 Nxh2 50. b6 Nf3 51. Bd6+ {Black resigns} 1-0

[Event "Team 45 45 League T35"]
[Site "Internet Chess Club"]
[Date "2007.11.22"]
[Round "6"]
[White "SATELLITE-DAN"]
[Black "primerpaso"]
[Result "0-1"]
[WhiteElo "1537"]
[BlackElo "1746"]
[Opening "Sicilian: Najdorf, Lipnitzky attack"]
[ECO "B86"]
[Time "20:51:50"]
[TimeControl "2700+45"]

1. e4 c5 2. Nf3 d6 3. d4 cxd4 4. Nxd4 Nf6 5. Nc3 a6 6. Bc4 e6 7. O-O Nc6 8. Be3
Qc7 9. Qe2 Be7 10. Rad1 O-O 11. Bc1 Bd7 12. a3 Rfd8 13. Kh1 Rac8 14. Ba2 b5 15.
Rd3 Qb7 16. f4 b4 17. Nxc6 Bxc6 18. axb4 Nxe4 19. Nxe4 Bxe4 20. Rg3 Rxc2 21. Qg4
Bf6 22. Bb3 Rc7 23. Bd2 Bxb2 24. Qg5 Rdc8 25. h4 Qb5 26. Re1 Qxg5 27. Rxg5 d5
28. Re3 Bf6 29. Rh5 Bg6 {White resigns} 0-1

[Event "Team 45 45 League T35"]
[Site "Internet Chess Club"]
[Date "2007.11.21"]
[Round "6"]
[White "Lionskins"]
[Black "scottrugby"]
[Result "0-1"]
[WhiteElo "1525"]
[BlackElo "1517"]
[Opening "Polish (Sokolsky) opening"]
[ECO "A00"]
[Time "13:02:01"]
[TimeControl "2700+45"]

1. b4 e5 2. Bb2 Bxb4 3. Bxe5 Nf6 4. a3 Ba5 5. e3 O-O 6. Bd3 Re8 7. Nf3 d5 8. h3
c5 9. c3 Nc6 10. Bg3 c4 11. Bc2 Ne4 12. Bh4 Qb6 13. Qc1 h6 14. O-O Ne5 15. Bxe4
dxe4 16. Nxe5 Rxe5 17. Qc2 Qg6 18. Bg3 Rh5 19. Kh2 Bxh3 20. gxh3 Qg4 21. h4 Bc7
22. Kg2 Bxg3 23. fxg3 Rxh4 24. Rh1 Qe2+ 25. Kg1 Qe1+ {White resigns} 0-1

[Event "Team 45 45 League T35"]
[Site "Internet Chess Club"]
[Date "2007.11.26"]
[Round "6"]
[White "Checkmates"]
[Black "zeigmata"]
[Result "1-0"]
[WhiteElo "2417"]
[BlackElo "2211"]
[Opening "Benkö gambit"]
[ECO "A57"]
[Time "15:03:58"]
[TimeControl "2700+45"]

1. d4 Nf6 2. c4 c5 3. d5 b5 4. Nf3 g6 5. cxb5 a6 6. Qc2 d6 7. e4 Bg7 8. Nc3 O-O
9. a4 axb5 10. Bxb5 Na6 11. h3 Nb4 12. Qe2 Ne8 13. O-O Nc7 14. Bg5 h6 15. Bh4 g5
16. Bg3 f5 17. exf5 Nxb5 18. axb5 Rxa1 19. Rxa1 Bxf5 20. Ra7 Bf6 21. Nd2 Rf7 22.
Nde4 Bd4 23. Qh5 Qb8 24. Nxd6 Bxf2+ 25. Kxf2 Rf6 26. Qe8+ Qxe8 27. Nxe8 Rf8 28.
Nc7 Bd3+ 29. Ke3 Bf1 30. Ra8 Rxa8 31. Nxa8 Bxg2 32. b6 Nxd5+ 33. Nxd5 Bxd5 34.
Nc7 Bc6 35. Ne6 Kf7 36. Nd8+ {Black resigns} 1-0

[Event "Team 45 45 League T35"]
[Site "Internet Chess Club"]
[Date "2007.11.24"]
[Round "6"]
[White "Extremophile"]
[Black "BigNEazy"]
[Result "0-1"]
[WhiteElo "2191"]
[BlackElo "2273"]
[Opening "Sicilian: Kan, Maróczy bind (Réti variation)"]
[ECO "B41"]
[Time "15:55:11"]
[TimeControl "2700+45"]

1. e4 c5 2. Nf3 e6 3. d4 cxd4 4. Nxd4 a6 5. c4 Nf6 6. Nc3 Qc7 7. f4 Bb4 8. e5
Ne4 9. Qd3 Nxc3 10. bxc3 Be7 11. Qg3 O-O 12. Bd3 d6 13. Qh3 g6 14. O-O Nd7 15.
f5 exf5 16. Bh6 Nxe5 17. Bxf5 Bxf5 18. Nxf5 gxf5 19. Rxf5 Ng6 20. Raf1 Qxc4 21.
Rh5 Rac8 22. Be3 Qe6 23. Rxh7 Rxc3 24. Rg7+ Kxg7 25. Qh6+ Kg8 26. Bd4 Ne5 {White
resigns} 0-1

[Event "Team 45 45 League T35"]
[Site "Internet Chess Club"]
[Date "2007.11.25"]
[Round "6"]
[White "HocusPocus"]
[Black "Ozgur-Bjk"]
[Result "0-1"]
[WhiteElo "2136"]
[BlackElo "2150"]
[Opening "Sicilian: closed"]
[ECO "B23"]
[Time "06:52:12"]
[TimeControl "2700+45"]

1. e4 c5 2. Nc3 d6 3. g3 Nc6 4. Bg2 Nf6 5. d3 g6 6. Be3 Bg7 7. Nge2 O-O 8. O-O
Be6 9. Qd2 Ng4 10. Bf4 f5 11. f3 Nge5 12. Bh6 Bxh6 13. Qxh6 Qb6 14. Na4 Qb4 15.
b3 fxe4 16. fxe4 b5 17. a3 Rxf1+ 18. Bxf1 Qa5 19. Nb2 Nd4 20. Nxd4 cxd4 21. b4
Qc7 22. Bh3 Bxh3 23. Qxh3 Qxc2 24. Qe6+ Kh8 25. Rf1 Re8 26. Rf2 Qc3 27. Qd5 a6
28. Kg2 Ng4 29. Qf7 Ne3+ 30. Kf3 Qc8 31. Ke2 Ng4 32. Rf4 Qc2+ 33. Ke1 Qc3+ 34.
Kf1 Qc1+ 35. Kg2 Qxb2+ 36. Kh3 Qxh2+ {White resigns} 0-1

[Event "Team 45 45 League T35"]
[Site "Internet Chess Club"]
[Date "2007.11.26"]
[Round "6"]
[White "EUPHRATES"]
[Black "Ser-Enigma"]
[Result "1-0"]
[WhiteElo "2064"]
[BlackElo "2074"]
[Opening "Caro-Kann: advance variation"]
[ECO "B12"]
[Time "13:01:58"]
[TimeControl "2700+45"]

1. e4 c6 2. d4 d5 3. e5 Bf5 4. Nc3 e6 5. g4 Bg6 6. Nge2 c5 7. Be3 Nc6 8. dxc5
Nxe5 9. Nd4 Nf6 10. Bb5+ Nfd7 11. f4 a6 12. Bxd7+ Nxd7 13. f5 e5 14. c6 bxc6 15.
Nxc6 Qc7 16. Qxd5 Rc8 17. fxg6 Qxc6 18. Qxf7+ Kd8 19. Bg5+ Kc7 20. O-O-O hxg6
21. h4 Bd6 22. Qxg6 Rhg8 23. Rhf1 Rcf8 24. Rxf8 Rxf8 25. Qxg7 e4 26. Nd5+ Kb8
27. Qc3 Qb5 28. Be7 Be5 29. Qb4 Rf2 30. Bd6+ Kb7 31. Bxe5 Qxb4 32. Nxb4 Nxe5 33.
Re1 Nf3 34. Rh1 e3 35. Nd3 Rg2 36. Ne1 Nxe1 37. Rxe1 Rxg4 38. Rxe3 Rxh4 39. Re6
Rh1+ 40. Kd2 Rh2+ 41. Kc3 Rh3+ 42. Kb4 Rh2 43. Kb3 Rh3+ 44. c3 Rh4 45. c4 Rh2
46. c5 Rh4 47. Rb6+ Ka7 48. Rb4 Rh5 49. Kc4 Rh4+ 50. Kb3 Rh5 51. Rc4 Kb7 52. Ka4
Kc6 53. b4 Rh2 54. a3 Rh3 55. Rd4 Rg3 56. Rd6+ Kb7 57. Re6 Rh3 58. Re7+ Kb8 59.
Ka5 Rh6 60. a4 Rg6 61. b5 axb5 62. axb5 Rg8 63. Kb6 Rg6+ 64. c6 Rg8 65. Ka6 Rg1
66. Kb6 Rg8 67. Kc5 Rg5+ 68. Kb6 Rg8 69. Rd7 Rh8 70. c7+ Kc8 71. Rd8+ Rxd8 72.
cxd8=R+ Kxd8 73. Ka7 {Black resigns} 1-0

[Event "Team 45 45 League T35"]
[Site "Internet Chess Club"]
[Date "2007.11.23"]
[Round "6"]
[White "killer21"]
[Black "DctSccr"]
[Result "0-1"]
[WhiteElo "2207"]
[BlackElo "2147"]
[Opening "French: Winawer (Nimzovich) variation"]
[ECO "C15"]
[Time "15:04:49"]
[TimeControl "2700+45"]

1. e4 e6 2. d4 d5 3. Nc3 Bb4 4. a3 Bxc3+ 5. bxc3 dxe4 6. Qg4 Nf6 7. Qxg7 Rg8 8.
Qh6 Nbd7 9. Be3 b6 10. Nh3 Bb7 11. Ng5 Rg6 12. Qh4 Nd5 13. Qxh7 Rxg5 14. Qh8+
Nf8 15. Bxg5 Qxg5 16. h4 Qf5 17. Qe5 O-O-O 18. Qxf5 exf5 19. Bc4 Ne6 20. Bxd5
Bxd5 21. Rh2 Nf4 22. h5 Kd7 23. Kd2 Rh8 24. Rah1 Rh6 25. Ke3 Ne6 26. g3 Ke7 27.
Rd1 Kf6 28. c4 Bxc4 29. d5 Ng7 30. d6 cxd6 31. Rxd6+ Be6 32. Rc6 Kg5 33. Rc7 a5
34. Rc6 Bd7 35. Rxh6 Kxh6 36. Rh1 Ba4 37. c4 Bb3 38. Kd4 a4 39. Ke5 Bxc4 40. Rd1
Bd3 41. f3 Nxh5 42. fxe4 fxe4 43. g4 Ng3 44. Kf6 Nf1 45. Rc1 e3 46. Rc8 Kh7 47.
Kxf7 e2 48. Rc1 Bc4+ 49. Kf6 Nh2 50. g5 Ng4+ 51. Kf5 Ne3+ 52. Kf6 Nc2 53. g6+
Kg8 54. Rxc2 e1=Q 55. Rxc4 Qf1+ {White resigns} 0-1

[Event "Team 45 45 League T35"]
[Site "Internet Chess Club"]
[Date "2007.11.26"]
[Round "6"]
[White "martineden"]
[Black "valipop"]
[Result "1-0"]
[WhiteElo "1993"]
[BlackElo "2088"]
[Opening "QGD: exchange, positional line"]
[ECO "D35"]
[Time "10:06:34"]
[TimeControl "2700+45"]

1. d4 d5 2. c4 e6 3. Nc3 Nf6 4. cxd5 exd5 5. Bg5 Be7 6. e3 h6 7. Bh4 Bf5 8. Qb3
g5 9. Bg3 Bc8 10. Nf3 c6 11. Bd3 b5 12. a4 b4 13. Ne2 a5 14. Rc1 Ba6 15. Bxb8
Bxd3 16. Qxd3 Rxb8 17. Rxc6 Ne4 18. Ng3 Nd6 19. Ne5 Bf6 20. Nh5 Bxe5 21. dxe5
Nc4 22. e6 Ne5 23. Qf5 {Black resigns} 1-0

[Event "Team 45 45 League T35"]
[Site "Internet Chess Club"]
[Date "2007.11.22"]
[Round "6"]
[White "Terte"]
[Black "chiiwen"]
[Result "0-1"]
[WhiteElo "2107"]
[BlackElo "1942"]
[Opening "Sicilian: Alapin's variation (2.c3)"]
[ECO "B22"]
[Time "11:36:35"]
[TimeControl "2700+45"]

1. e4 c5 2. c3 g6 3. d4 cxd4 4. cxd4 d5 5. exd5 Nf6 6. Nc3 Nxd5 7. Bc4 Nb6 8.
Bb3 Bg7 9. Qf3 O-O 10. Nge2 Nc6 11. O-O Nxd4 12. Nxd4 Qxd4 13. Bg5 Qe5 14. h4 e6
15. g4 h6 16. Bf4 Qf6 17. Qg3 e5 18. Be3 Be6 19. Ne4 Qd8 20. Bxe6 fxe6 21. Nc5
Qe7 22. Nd3 Nd7 23. Rac1 Rfc8 24. b3 Kh7 25. Rfe1 e4 26. Nf4 Ne5 27. Kg2 Nf3 28.
Rh1 Rxc1 29. Bxc1 e5 30. Nd5 Qc5 31. Ne3 Rf8 32. Bb2 Nd4 33. g5 Rf3 34. Qg4 h5
35. Qxe4 Rf4 36. Qxb7 Qf8 37. Nd1 Qf5 38. f3 Nxf3 39. Ne3 Nxh4+ 40. Rxh4 Qxg5+
41. Rg4 hxg4 42. Qc7 Qh5 43. Nd5 Qh3+ {White resigns} 0-1

[Event "Team 45 45 League T35"]
[Site "Internet Chess Club"]
[Date "2007.11.27"]
[Round "6"]
[White "Guinness"]
[Black "VentasD"]
[Result "1/2-1/2"]
[WhiteElo "2248"]
[BlackElo "2219"]
[Opening "Catalan: closed, main line"]
[ECO "E09"]
[Time "20:09:22"]
[TimeControl "2700+45"]

1. c4 e6 2. g3 d5 3. Bg2 Nf6 4. Nf3 Be7 5. O-O O-O 6. Qc2 c6 7. d4 Nbd7 8. Nbd2
Re8 9. Rd1 Nf8 10. e4 dxe4 11. Nxe4 Nxe4 12. Qxe4 Qc7 13. Ne5 Ng6 14. Nxg6 hxg6
15. Bf4 Bd6 16. Bxd6 Qxd6 17. c5 Qe7 18. b4 Bd7 19. f4 a6 20. a4 Rad8 21. Rab1
Bc8 22. b5 axb5 23. axb5 cxb5 24. Rxb5 Rd7 25. Rdb1 Red8 26. R5b4 Qf6 27. Rd1
Rc7 28. Rdb1 Rcd7 29. Rd1 Rc7 30. Rd3 Bd7 31. Qe5 Qxe5 32. fxe5 Bc6 33. Bxc6
Rxc6 34. Rxb7 Rxc5 35. dxc5 Rxd3 36. c6 Rc3 37. c7 Kh7 38. Kf2 g5 39. g4 Kg6 40.
Ke2 Rc6 41. Ke3 Rc1 42. Kd4 Rc2 43. Kd3 Rc1 44. h3 Rc6 45. Ke3 Rc3+ 46. Kd4 Rc6
47. Kd3 Rc5 48. Kd4 {Game drawn by mutual agreement} 1/2-1/2

[Event "Team 45 45 League T35"]
[Site "Internet Chess Club"]
[Date "2007.11.24"]
[Round "6"]
[White "WesleyCrusher"]
[Black "onslaught"]
[Result "1/2-1/2"]
[WhiteElo "2160"]
[BlackElo "2208"]
[Opening "Sicilian: Canal-Sokolsky attack, 3...Bd7"]
[ECO "B52"]
[Time "13:55:04"]
[TimeControl "2700+45"]

1. e4 c5 2. Nf3 d6 3. Bb5+ Bd7 4. Bxd7+ Qxd7 5. O-O Nf6 6. Qe2 Nc6 7. c3 e6 8.
d4 cxd4 9. cxd4 d5 10. e5 Ne4 11. Nbd2 Nxd2 12. Bxd2 Bb4 13. Rfc1 Bxd2 14. Qxd2
O-O 15. b4 Rac8 16. b5 Ne7 17. Qd3 Rxc1+ 18. Rxc1 Rc8 19. Rxc8+ Qxc8 20. g3 h5
21. Qa3 Nf5 22. Qc5 Qd7 23. a4 b6 24. Qc3 f6 25. Kg2 Kf7 26. h4 Ke7 27. Qb4+ Kf7
28. Qc3 Ke7 29. Qb4+ {Game drawn by mutual agreement} 1/2-1/2

[Event "Team 45 45 League T35"]
[Site "Internet Chess Club"]
[Date "2007.11.25"]
[Round "6"]
[White "jonesey"]
[Black "Gregorio"]
[Result "1/2-1/2"]
[WhiteElo "2031"]
[BlackElo "1992"]
[Opening "Ruy Lopez: closed"]
[ECO "C90"]
[Time "11:01:53"]
[TimeControl "2700+45"]

1. e4 e5 2. Nf3 Nc6 3. Bb5 a6 4. Ba4 Nf6 5. O-O b5 6. Bb3 Be7 7. Re1 d6 8. c3
Bg4 9. d3 Na5 10. Bc2 c5 11. Nbd2 Nc6 12. Nf1 b4 13. Ne3 Bh5 14. Ba4 Rc8 15. Nf5
O-O 16. Bg5 h6 17. Bc1 Bg4 18. Ne3 Bd7 19. h3 Kh7 20. Bc2 bxc3 21. bxc3 Qa5 22.
d4 cxd4 23. cxd4 Kh8 24. d5 {Game drawn by mutual agreement} 1/2-1/2

[Event "Team 45 45 League T35"]
[Site "Internet Chess Club"]
[Date "2007.11.27"]
[Round "6"]
[White "ranaamasonika"]
[Black "NFork"]
[Result "0-1"]
[WhiteElo "2200"]
[BlackElo "2200"]
[Opening "French: advance, Milner-Barry gambit"]
[ECO "C02"]
[Time "16:05:04"]
[TimeControl "2700+45"]

1. e4 e6 2. d4 d5 3. e5 c5 4. c3 Nc6 5. Nf3 Qb6 6. Bd3 cxd4 7. cxd4 Bd7 8. O-O
Nxd4 9. Nxd4 Qxd4 10. Nc3 a6 11. Qe2 Qa7 12. Kh1 Bc5 13. f4 g6 14. Bd2 h5 15.
Be1 Nh6 16. Bh4 Ng4 17. a3 Rc8 18. Rae1 Be7 19. Bxe7 Kxe7 20. Qd2 Kf8 21. h3 Nh6
22. b4 Qd4 23. Ne2 Qb6 24. Nc3 Nf5 25. Kh2 Qd4 26. Ne2 Qe3 27. Qd1 Nh6 28. g3
Bc6 29. Ng1 Qd4 30. Qd2 Bb5 31. Rf3 Rc3 32. Rd1 Ng4+ 33. Kg2 Rxd3 34. Rxd3 Bxd3
35. hxg4 Qe4+ 36. Nf3 hxg4 37. Qxd3 gxf3+ 38. Kf2 Rh2+ 39. Kg1 f2+ {White
resigns} 0-1

[Event "Team 45 45 League T35"]
[Site "Internet Chess Club"]
[Date "2007.11.22"]
[Round "6"]
[White "JustinSane"]
[Black "alegro"]
[Result "0-1"]
[WhiteElo "2087"]
[BlackElo "2157"]
[Opening "Benkö gambit"]
[ECO "A57"]
[Time "11:06:05"]
[TimeControl "2700+45"]

1. d4 Nf6 2. c4 c5 3. d5 b5 4. Nf3 g6 5. cxb5 a6 6. bxa6 Bxa6 7. Nc3 Bg7 8. e4
Bxf1 9. Kxf1 d6 10. h3 O-O 11. Bg5 Nbd7 12. Rc1 Qb6 13. Rc2 Rfb8 14. Kg1 Qb4 15.
Qe2 h6 16. Bc1 Nb6 17. Kh2 Nfd7 18. Re1 Nc4 19. Nd1 Nde5 20. Nxe5 Nxe5 21. Bd2
Qb5 22. b3 Nd3 23. Rf1 Be5+ 24. f4 Bg7 25. Ne3 Nb4 26. Bxb4 Qxb4 27. Nc4 Ra7 28.
e5 Qb7 29. Rd2 dxe5 30. fxe5 Qc7 31. Kh1 Rd8 32. h4 h5 33. e6 f5 34. Qe3 Bf6 35.
g4 Qb7 36. gxf5 Rxd5 37. Rxd5 Qxd5+ 38. Qf3 Qd4 39. Qg3 Qe4+ 40. Kh2 Rxa2+ 41.
Kh3 Rg2 42. Qb8+ Kg7 43. Rf4 Qe2 44. Qb7 Rh2+ 45. Kg3 Bxh4+ {White resigns} 0-1

[Event "Team 45 45 League T35"]
[Site "Internet Chess Club"]
[Date "2007.11.24"]
[Round "6"]
[White "tini3blas"]
[Black "gorgon"]
[Result "1-0"]
[WhiteElo "2188"]
[BlackElo "2120"]
[Opening "Anderssen's opening"]
[ECO "A00"]
[Time "04:51:47"]
[TimeControl "2700+45"]

1. a3 e5 2. e3 Nf6 3. c4 d6 4. d3 g6 5. Nf3 Bg7 6. Nc3 O-O 7. Be2 c6 8. O-O Nbd7
9. Qc2 a5 10. Bd2 Qe7 11. b4 d5 12. cxd5 cxd5 13. bxa5 Nc5 14. Nb5 Bf5 15. Nxe5
Qxe5 16. Qxc5 Rac8 17. Qb4 Rfd8 18. Bc3 Qe6 19. Nd4 Qd7 20. Nxf5 Qxf5 21. Rac1
Qd7 22. Bd4 Rc6 23. Rxc6 Qxc6 24. Rb1 Qc2 25. Qb2 {Black resigns} 1-0

[Event "Team 45 45 League T35"]
[Site "Internet Chess Club"]
[Date "2007.11.22"]
[Round "6"]
[White "The7thGuest"]
[Black "Capamuerte"]
[Result "0-1"]
[WhiteElo "2031"]
[BlackElo "2190"]
[Opening "Dunst (Sleipner, Heinrichsen) opening"]
[ECO "B07"]
[Time "13:58:26"]
[TimeControl "2700+45"]

1. Nc3 d6 2. d4 Nf6 3. e4 Nc6 4. f4 e5 5. Nf3 exd4 6. Nxd4 Be7 7. Be3 Bd7 8. h3
a6 9. g4 h6 10. Bg2 O-O 11. Nf5 Re8 12. Nxe7+ Qxe7 13. g5 hxg5 14. fxg5 Nxe4 15.
Bxe4 Bf5 16. Bxf5 Qxe3+ 17. Ne2 g6 18. Bd3 Nd4 19. Qc1 Nf3+ 20. Kf1 Qc5 21. h4
Re3 22. Nc3 Rae8 23. Be2 Nd4 24. Qd2 Qf5+ {White resigns} 0-1

[Event "Team 45 45 League T35"]
[Site "Internet Chess Club"]
[Date "2007.11.23"]
[Round "6"]
[White "TornadoRAM"]
[Black "playwaycool05"]
[Result "0-1"]
[WhiteElo "2092"]
[BlackElo "2226"]
[Opening "Giuoco Pianissimo"]
[ECO "C55"]
[Time "22:39:59"]
[TimeControl "2700+45"]

1. e4 e5 2. Nf3 Nc6 3. Bc4 Nf6 4. d3 Bc5 5. c3 O-O 6. Bb3 d5 7. Qe2 Bg4 8. Nbd2
a5 9. a4 Qd6 10. h3 Bh5 11. Nf1 Rad8 12. Bc2 Bg6 13. Bd2 Rfe8 14. g4 Rd7 15. Ng3
Red8 16. Rd1 dxe4 17. dxe4 Qe6 18. b3 Bb6 19. Kf1 Qe7 20. Kg2 Qc5 21. Rdf1 Nb4
22. Bb1 Nd3 23. Bxd3 Rxd3 24. Be1 h5 25. g5 h4 26. Nxh4 Nh7 27. Nxg6 fxg6 28. h4
Nf8 29. Qg4 Qc6 30. f4 exf4 31. Qxf4 Qe6 32. h5 Be3 33. Qh4 Qxb3 34. hxg6 Qa2+
35. Bf2 Nxg6 36. Qh7+ Kf7 37. Rh6 Nf4+ 38. Kh1 Bxf2 39. Rf6+ Ke8 40. Qxg7 Bc5
41. R6xf4 Be7 42. Rf7 Qe6 43. Qh7 Rxg3 44. Qg8+ Kd7 45. Rd1+ Kc6 46. Rf6 Qxf6
47. Qc4+ Kb6 48. Qb5+ Ka7 49. Rxd8 Qf3+ {White resigns} 0-1